 Dungeon Crawl Stone Soup version 0.28-a0-1190-g77e1c55843 (webtiles) character file.

Game seed: 13998554069991457127

225562 bearlyready the Malleable (level 18, -1/193 HPs)
             Began as a Merfolk Transmuter on Dec 19, 2021.
             Was an Initiate of Gozag.
             Slain by Asterion (7 damage)
             ... on level 1 of the Vaults.
             The game lasted 01:17:15 (43784 turns).

bearlyready the Malleable (Merfolk Transmuter)     Turns: 43784, Time: 01:17:15

Health: -1/193     AC: 35    Str: 11    XL:     18   Next: 86%
Magic:  0/25       EV: 20    Int: 23    God:    Gozag
Gold:   11385      SH:  0    Dex: 20    Spells: 3/27 levels left

rFire   . . .      SeeInvis +     - Unarmed
rCold   + . .      Faith    .   (no shield)
rNeg    + + .      Spirit   +   (armour currently unavailable)
rPois   ∞          Reflect  .   (no helmet)
rElec   +          Harm     .   X - +2 cloak "Domao" {rCorr Dex+5}
rCorr   +          Rampage  .   (gloves currently unavailable)
Will    +....                   (boots currently unavailable)
Stlth   ++........              C - amulet of guardian spirit
HPRegen 0.42/turn               F - ring of see invisible
MPRegen 0.19/turn               s - ring of Ila Xag {rC+ rN+ AC+4 Int+6}

@: statue-form, wereblooded, gold aura, very slow
A: slow and powerful, torment resistance 1, boosted hp, (nimble swimmer 2),
mertail, clumsy 1, no potion heal 1
}: 2/15 runes: decaying, gossamer
a: End Transformation, Renounce Religion, Potion Petition, Call Merchant, Bribe
Branch


You were on level 1 of the Vaults.
You worshipped Gozag.
Gozag was extremely pleased with you.
You were a living statue of rough stone.
You visited 7 branches of the dungeon, and saw 32 of its levels.
You visited the Abyss 1 time.
You also visited: Gauntlet and Ice Cave.

You collected 11844 gold pieces.
You spent 396 gold pieces at shops.
You paid 63 gold pieces to Gozag.

Inventory:

Missiles
 b - 2 curare-tipped darts
 o - 188 poisoned darts (quivered)
 t - 24 boomerangs
 A - 15 atropa-tipped darts
 K - 10 javelins
 N - 2 boomerangs of dispersal
Armour
 f - +1 acid dragon scales
 j - a +0 pair of boots (melded)
 I - a +0 kite shield
 L - the +1 robe of Ignis's Generosity (melded) {Will+ Regen+ Stlth+}
   (You found it on level 15 of the Dungeon)

   Regen:     It increases your rate of health regeneration.
   Will:      It increases your willpower.
   Stlth:     It makes you more stealthy.
 X - the +2 cloak "Domao" (worn) {rCorr Dex+5}
   (You acquired it on level 1 of the Lair of Beasts)

   Dex:       It affects your dexterity (+5).
   rCorr:     It protects you from acid and corrosion.
 Y - a +2 pair of gloves (melded)
Jewellery
 e - a +4 ring of evasion
 h - a ring of protection from cold
 s - the ring of Ila Xag (right fist) {rC+ rN+ AC+4 Int+6}
   (You acquired it on level 11 of the Dungeon)

   [ring of protection]

   AC:        It affects your AC (+4).
   Int:       It affects your intelligence (+6).
   rC:        It protects you from cold.
   rN:        It protects you from negative energy.
 C - an amulet of guardian spirit (around neck)
 F - a ring of see invisible (left fist)
 W - a ring of flight
Wands
 i - a wand of acid (3)
 y - a wand of digging (3)
 D - a wand of mindburst (21)
 J - a wand of flame (2)
 P - a wand of iceblast (21)
 U - a wand of polymorph (8)
Scrolls
 a - 3 scrolls of summoning
 c - 4 scrolls of fog
 d - 13 scrolls of teleportation
 l - 4 scrolls of enchant weapon
 q - 3 scrolls of holy word
 v - 5 scrolls of magic mapping
 w - a scroll of torment
 x - 3 scrolls of identify
 G - 4 scrolls of amnesia
 T - 6 scrolls of enchant armour
Potions
 g - 8 potions of might
 k - 2 potions of cancellation
 m - 9 potions of curing
 n - 5 potions of lignification
 p - 3 potions of magic
 r - 7 potions of brilliance
 u - 7 potions of haste
 z - 5 potions of invisibility
 E - 3 potions of attraction
 H - 2 potions of berserk rage
 M - 3 potions of heal wounds
 Q - 4 potions of mutation
 R - 2 potions of resistance
 S - 3 potions of flight
 Z - 6 potions of ambrosia
Miscellaneous
 B - a phial of floods (inert)
 O - a tin of tremorstones (1/2)


   Skills:
 - Level 15.0 Fighting
 - Level 5.2 Throwing
 - Level 4.3 Armour
 - Level 12.0 Dodging
 + Level 19.7 Unarmed Combat
 - Level 5.0 Spellcasting
 + Level 22.1 Transmutations
 - Level 4.1 Ice Magic
 - Level 8.0 Earth Magic
 - Level 6.0 Poison Magic
 - Level 7.1 Evocations


You had 3 spell levels left.
You knew the following spells:

 Your Spells              Type           Power      Damage    Failure   Level
a - Beastly Appendage     Tmut           100%       N/A       0%          1
b - Wereblood             Tmut           82%        N/A       0%          2
c - Spider Form           Tmut/Pois      63%        N/A       1%          3
d - Ice Form              Ice/Tmut       60%        N/A       1%          4
e - Passwall              Tmut/Erth      55%        N/A       1%          2
f - Eringya's Noxious Bo  Tmut/Pois      31%        N/A       4%          6
g - Statue Form           Tmut/Erth      44%        N/A       3%          6

Your spell library contained the following spells:

 Spells                   Type           Power      Damage    Failure   Level
 Sting                    Tmut/Pois      100%       1d8       1%          1
 Ignite Poison            Fire/Tmut/Pois 49%        N/A       1%          3
 Poisonous Vapours        Pois/Air       38%        N/A       4%          2
 Stone Arrow              Conj/Erth      48%        3d10      5%          3
 Ensorcelled Hibernation  Hex/Ice        30%        N/A       6%          2
 Apportation              Tloc           10%        N/A       10%         1
 Shock                    Conj/Air       20%        1d4       10%         1
 Corpse Rot               Necr/Air       10%        N/A       14%         2
 Static Discharge         Conj/Air       5%         N/A       14%         2
 Sublimation of Blood     Necr           5%         N/A       14%         2
 Conjure Flame            Conj/Fire      5%         6-21      28%         3
 Gell's Gravitas          Tloc           5%         N/A       28%         3
 Lesser Beckoning         Tloc           5%         N/A       28%         3
 Summon Guardian Golem    Hex/Summ       5%         N/A       28%         3
 Swiftness                Air            5%         N/A       28%         3
 Teleport Other           Tloc           5%         N/A       28%         3
 Alistair's Intoxication  Tmut/Pois      42%        N/A       1%          5
 Olgreb's Toxic Radiance  Pois           33%        N/A       8%          4
 Airstrike                Air            2%         N/A       67%         4
 Dispel Undead            Necr           5%         3d7       67%         4
 Sticky Flame             Conj/Fire      5%         2d3       67%         4
 Orb of Destruction       Conj           2%         9d1       100%        7
 Spellforged Servitor     Conj/Summ      2%         N/A       100%        7
 Summon Hydra             Summ           2%         N/A       100%        7


Dungeon Overview and Level Annotations

Branches:
Dungeon (15/15)            Temple (1/1) D:4            Lair (6/6) D:10
  Swamp (4/4) Lair:2       Spider (4/4) Lair:3        Slime (0/5) Lair:5
    Orc (1/2) D:12         Vaults (1/5) D:13         Depths (0/4) D:15
  IceCv (visited)         Gauntlet (visited)

Altars:
Ashenzari
Cheibriados
Dithmenos
Elyvilon
Fedhas
Gozag
Hepliaklqana
Kikubaaqudgha
Makhleb
Nemelex Xobeh
Okawaru
Qazlal
Ru
Sif Muna
Trog
Uskayaw
Vehumet
Wu Jian
Xom
Yredelemnul
Zin
The Shining One

Shops:
D:9 [   D:10 !

Annotations:
D:11 1 runed translucent door, siradein's ghost, journeyman MiFi
Lair:2 exclusion: oklob plant
Vaults:1 Asterion


Innate Abilities, Weirdness & Mutations

You are a living statue of rough stone.
Your actions are slow, but your melee attacks are powerful.
You are resistant to unholy torment.
Your maximum health is greatly increased.
You are immune to poison.
Your equipment is partially melded.
((You are quick and stealthy near water. (Stealth+, EV+, Speed+++)))
Your lower body shifts to a powerful aquatic tail in water.
You are clumsy. (Dex -2)
Potions are less effective at restoring your health.


Message History

Asterion utters an invocation to Makhleb.
Asterion blocks your attack.
Asterion is heavily wounded.
Asterion conjures a destructive force in the name of Makhleb!
The bolt of lightning misses you.
The blizzard demon is distracted by your dazzling golden aura.
The blizzard demon shouts!
Asterion blocks your attack.
Asterion is heavily wounded.
Asterion closely misses you. Asterion barely misses you.
Asterion hits you with a +2 demon blade of freezing.
* * * LOW HITPOINT WARNING * * *
Asterion barely misses you. Asterion blocks your attack.
You punch Asterion, but do no damage.
Asterion is heavily wounded.
Asterion misses you. Asterion completely misses you.
You completely miss Asterion.
Asterion is heavily wounded.
The blizzard demon is no longer distracted by gold.
Asterion closely misses you. Asterion gores you but does no damage.
The blizzard demon gestures at you. The bolt of lightning hits you! You resist.
* * * LOW HITPOINT WARNING * * *
You punch Asterion!
Asterion is severely wounded.
Asterion completely misses you. Asterion gores you but does no damage.
The blizzard demon gestures at you. The bolt of lightning hits you! You resist.
* * * LOW HITPOINT WARNING * * *
Asterion hits you with a +2 demon blade of freezing.
* * * LOW HITPOINT WARNING * * *
Asterion gores you but does no damage.
You beat Asterion into a bloody pulp!!!
Asterion is almost dead.
You howl as the wereblood boils in your veins!
Asterion hits you with a +2 demon blade of freezing!!
* * * LOW HITPOINT WARNING * * *
Asterion freezes you!
You die...
Your body crumbles into a pile of gold.

########################
........................
........................
........................
........#############'##
###....8# #.........
#...2H# #.........
#.....# #.........
#.....# #.........
#.....# #.........
+.....# #.........
#.....# ##########
#.....#


You could see Asterion (fast, strong) and a blizzard demon (summoned).

Vanquished Creatures
  Bai Suzhen (Swamp:3)
  A tentacled monstrosity (Swamp:3)
  A tentacled starspawn (Abyss:2)
  A thorn hunter (Swamp:3)
  A fenstrider witch (Swamp:2)
  3 ghost moths
  Louise (Spider:2)
  A deep elf sorcerer (Abyss:2)
  3 ghouls
  7 emperor scorpions
  2 ironbound preservers (Vaults:1)
  2 eleionomae (Swamp:4)
  Azrael (Spider:1)
  Nessos (D:12)
  A dire elephant (D:15)
  8 bunyips
  Snorg (D:10)
  The ghost of ReploidZero the Ogre Mage, a journeyman OgCj of Vehumet (Lair:2)
  Josephine (D:10)
  A shambling mangrove (Swamp:3)
  A great orb of eyes (Vaults:1)
  2 vault guards (D:13)
  Fannar (Lair:1)
  14 boulder beetles
  26 hydras
  5 two-headed ogres
  4 catoblepae
  11 centaur warriors
  Erica (D:11)
  A death knight (D:15)
  8 alligators
  Urug (Lair:1)
  5 death yaks (Lair:6)
  A thrashing horror (Abyss:2)
  A wretched star (Abyss:2)
  10 skeletal warriors
  4 goliath frogs
  A glowing orange brain (Abyss:2)
  3 spriggan druids
  A phantasmal warrior (D:15)
  13 bog bodies
  6 deep trolls (Vaults:1)
  11 swamp dragons
  An ironbound convoker (Vaults:1)
  3 lindwurms
  2 deep elf pyromancers (D:13)
  9 ugly things
  9 manticores
  A salamander (D:15)
  13 orb spiders
  An oklob plant (Lair:5)
  4 moths of wrath
  6 will-o-the-wisps
  32 wolf spiders
  An elephant (shapeshifter) (D:14)
  5 cyclopes
  7 black mambas
  3 ice statues (IceCv)
  2 vault sentinels (Vaults:1)
  9 elephants
  7 cane toads
  A smoke demon (Abyss:2)
  A yaktaur (Vaults:1)
  5 rime drakes
  A freezing wraith (IceCv)
  16 demonic crawlers
  An efreet (D:13)
  4 kobold demonologists
  Maggie (Lair:1)
  6 komodo dragons
  An entropy weaver simulacrum (IceCv)
  A tengu conjurer (D:14)
  An anaconda simulacrum (IceCv)
  A komodo dragon (shapeshifter) (D:14)
  3 trolls
  24 jumping spiders
  A polar bear (shapeshifter) (D:13)
  3 polar bears
  11 tyrant leeches
  A shadow dragon simulacrum (Abyss:2)
  17 hornets
  7 slime creatures
  3 raiju
  8 blink frogs (Lair:1)
  44 redbacks
  A centaur simulacrum (D:14)
  2 large abominations (Abyss:2)
  4 spriggans (Swamp:3)
  26 tarantellas
  A vampire (D:10)
  7 wraiths
  A dire elephant simulacrum (IceCv)
  4 wyverns
  5 fire elementals (Spider:1)
  A yak (shapeshifter) (D:14)
  A shadow (D:12)
  61 yaks
  9 basilisks
  9 humans (D:13)
  2 death yak simulacra (IceCv)
  A steam dragon (D:6)
  7 vampire mosquitoes
  A neqoxec (Abyss:2)
  A chaos spawn (Abyss:2)
  15 swamp worms
  2 acid dragons
  12 water moccasins
  2 hell hounds (Spider:1)
  10 swamp drakes
  5 orc warriors
  5 necrophages
  An ice beast (D:5)
  2 sky beasts
  2 black bears
  3 ogres
  24 centaurs
  9 wolves
  A phantom (D:6)
  13 bullfrogs
  10 kobold brigands
  Blork the orc (D:6)
  A cane toad simulacrum (IceCv)
  2 wyvern zombies
  3 scorpions
  A water moccasin zombie (D:5)
  6 killer bees (D:8)
  6 wights
  5 howler monkeys
  3 electric eels (Spider:2)
  4 centaur zombies
  A hound (D:7)
  2 jellies (Lair:5)
  6 orc priests
  3 centaur skeletons
  A gnoll shaman (D:7)
  2 iguanas
  14 orc wizards
  2 small abominations (Abyss:2)
  A wolf simulacrum (IceCv)
  2 hound zombies (D:5)
  10 gnolls
  5 adders
  A white imp (D:5)
  An ufetubus (D:7)
  An adder zombie (D:3)
  A worm (D:2)
  The ghost of RancidPinata the Sneak, a weakling GrDe (D:6)
  A dart slug (D:5)
  63 orcs
  5 bats
  7 endoplasms
  A giant cockroach (D:1)
  15 goblins
  6 hobgoblins
  3 jackals (D:5)
  28 kobolds
  4 quokkas
  2 ball pythons (D:3)
  4 frilled lizards
  4 rats
  A spectral hobgoblin (D:6)
  A bush (Lair:5)
938 creatures vanquished.

Vanquished Creatures (collateral kills)
  A boulder beetle (D:11)
  A wolf spider (Spider:4)
  A demonic crawler (Spider:4)
3 creatures vanquished.

Vanquished Creatures (others)
  3 bloated husks
  A human (D:13)
  2 swamp drakes
  A demonic plant (Gauntlet)
  37 foxfires
  22 fungi
  77 plants
  2 starspawn tentacles (Abyss:2)
145 creatures vanquished.

Grand Total: 1086 creatures vanquished

Notes
Turn   | Place    | Note
-------+----------+-------------------------------------------
     0 | D:1      | bearlyready the Merfolk Transmuter began the quest for the
                  | Orb.
     0 | D:1      | Reached XP level 1. HP: 15/15 MP: 3/3
    68 | D:1      | Found a faded altar of an unknown god.
   158 | D:1      | Reached skill level 3 in Transmutations
   628 | D:1      | Reached XP level 2. HP: 18/21 MP: 5/5
   887 | D:1      | Reached XP level 3. HP: 19/26 MP: 6/6
  1148 | D:1      | Reached skill level 4 in Transmutations
  1351 | D:1      | Found a bloodstained altar of Trog.
  1759 | D:2      | Learned a level 2 spell: Wereblood
  1763 | D:2      | Learned a level 3 spell: Spider Form
  2294 | D:2      | Reached XP level 4. HP: 32/32 MP: 7/7
  2920 | D:3      | Reached skill level 1 in Poison Magic
  3226 | D:3      | Reached XP level 5. HP: 37/37 MP: 8/8
  3345 | D:3      | Found an ancient bone altar of Kikubaaqudgha.
  3669 | D:3      | Noticed a black bear
  3694 | D:3      | Killed a black bear
  3695 | D:3      | Reached skill level 5 in Unarmed Combat
  3695 | D:3      | Reached skill level 5 in Transmutations
  3772 | D:3      | Reached XP level 6. HP: 37/43 MP: 9/9
  4079 | D:4      | Noticed a black bear
  4241 | D:4      | Killed a black bear
  4242 | D:4      | Reached skill level 6 in Transmutations
  4405 | D:4      | Found a staircase to the Ecumenical Temple.
  4548 | Temple   | Entered the Ecumenical Temple
  4730 | Temple   | Became a worshipper of Gozag Ym Sagoz the Greedy
  4967 | D:5      | Entered Level 5 of the Dungeon
  5191 | D:5      | Noticed an ice beast
  5206 | D:5      | Killed an ice beast
  5207 | D:5      | Reached XP level 7. HP: 43/48 MP: 7/10
  5273 | D:5      | Reached skill level 7 in Transmutations
  5663 | D:5      | Reached skill level 8 in Transmutations
  5663 | D:5      | Reached XP level 8. HP: 42/54 MP: 8/11
  5853 | D:5      | Found a hide-covered altar of Uskayaw.
  6275 | D:5      | Learned a level 4 spell: Ice Form
  6338 | D:6      | Found a stormy altar of Qazlal.
  6340 | D:6      | Noticed an air elemental
  6340 | D:6      | Noticed a water elemental
  6392 | D:6      | Reached skill level 1 in Ice Magic
  6558 | D:6      | Reached skill level 9 in Transmutations
  7098 | D:6      | Noticed Blork the orc
  7107 | D:6      | Killed Blork the orc
  7336 | D:6      | Reached XP level 9. HP: 54/59 MP: 7/12
  7536 | D:6      | Found a runed translucent gate.
  7536 | D:6      | Found a runed translucent gate.
  7536 | D:6      | Found a runed translucent gate.
  7539 | D:6      | Noticed RancidPinata's ghost (weakling GrDe)
  7759 | D:6      | Found a hazy altar of Hepliaklqana.
  7921 | D:6      | Reached skill level 10 in Transmutations
  8212 | D:6      | Killed RancidPinata's ghost
  8483 | D:7      | Identified the +5 quarterstaff of Joyful Slaughter {vorpal,
                  | rCorr}
  9360 | D:7      | Reached skill level 11 in Transmutations
 10022 | D:8      | Reached skill level 10 in Unarmed Combat
 10022 | D:8      | Reached XP level 10. HP: 73/73 MP: 8/13
 10118 | D:8      | Reached skill level 5 in Fighting
 10709 | D:8      | Noticed a two-headed ogre
 10728 | D:8      | Killed a two-headed ogre
 10729 | D:8      | Reached skill level 12 in Transmutations
 11620 | D:9      | Found Bytify Yllisk's Antique Armour Shoppe.
 11624 | D:9      | Noticed a kobold demonologist
 11628 | D:9      | Noticed a rust devil
 11635 | D:9      | Killed a kobold demonologist
 11932 | D:9      | Noticed a kobold demonologist
 12100 | D:9      | Noticed a two-headed ogre
 12328 | D:9      | Reached skill level 13 in Transmutations
 12571 | D:9      | Killed a two-headed ogre
 12898 | D:10     | Entered Level 10 of the Dungeon
 12916 | D:10     | Found a staircase to the Lair.
 12967 | D:10     | Reached XP level 11. HP: 39/79 MP: 3/14
 13202 | D:10     | Noticed Josephine
 13230 | D:10     | Killed Josephine
 13231 | D:10     | Reached skill level 14 in Transmutations
 13550 | D:10     | Found Xicworaw's Distillery.
 13556 | D:10     | Bought a potion of curing for 36 gold pieces
 13556 | D:10     | Bought a potion of heal wounds for 60 gold pieces
 13556 | D:10     | Bought a potion of heal wounds for 60 gold pieces
 13556 | D:10     | Bought a potion of mutation for 96 gold pieces
 13556 | D:10     | Bought a potion of mutation for 96 gold pieces
 13556 | D:10     | Bought a potion of might for 48 gold pieces
 13956 | D:11     | Identified a scroll of acquirement
 13956 | D:11     | Acquired the ring of Ila Xag {rC+ rN+ AC+4 Int+6}
 13969 | D:11     | Noticed siradein's ghost (journeyman MiFi)
 13975 | D:11     | Found a runed translucent door.
 13978 | D:11     | Noticed a boulder beetle
 13996 | D:11     | Killed a boulder beetle
 14022 | D:11     | Noticed a manticore
 14191 | D:11     | Noticed Erica
 14203 | D:11     | Killed Erica
 14216 | D:11     | Found a gate leading to a gauntlet.
 14224 | Gauntlet | Entered a Gauntlet
 14224 | Gauntlet | Found a transporter.
 14224 | Gauntlet | Found a transporter.
 14316 | Gauntlet | Found a transporter.
 14327 | Gauntlet | Found a runed translucent door.
 14330 | Gauntlet | Found a transporter.
 14346 | Gauntlet | Found a transporter.
 14346 | Gauntlet | Found a transporter.
 14346 | Gauntlet | Found a transporter.
 14348 | Gauntlet | Found a transporter.
 14348 | Gauntlet | Found a transporter.
 14351 | Gauntlet | Noticed a purple ugly thing
 14362 | Gauntlet | Found a transporter.
 14364 | Gauntlet | Noticed a moth of wrath
 14376 | Gauntlet | Noticed a glowing orange brain
 14378 | Gauntlet | Found a transporter.
 14381 | Gauntlet | Noticed a white ugly thing
 14383 | Gauntlet | Noticed a glowing orange brain
 14386 | Gauntlet | Found a runed translucent door.
 14388 | Gauntlet | Found a transporter.
 14390 | Gauntlet | Found a runed translucent door.
 14391 | Gauntlet | Noticed a balrug
 14404 | Gauntlet | Found a transporter.
 14451 | D:11     | Found a frozen archway.
 14499 | IceCv    | Entered an ice cave
 14661 | IceCv    | Noticed a white ugly thing
 14679 | IceCv    | Killed a white ugly thing
 14697 | IceCv    | Reached skill level 15 in Transmutations
 15132 | D:11     | Noticed a boulder beetle
 15146 | D:11     | Killed a manticore
 15147 | D:11     | Reached XP level 12. HP: 64/93 MP: 10/15
 15349 | D:11     | Noticed a fire dragon
 15969 | D:10     | Found a shimmering altar of Xom.
 16033 | D:10     | Found a basalt altar of Yredelemnul.
 16045 | D:10     | Noticed Snorg
 16068 | D:10     | Killed Snorg
 16429 | Lair:1   | Entered Level 1 of the Lair of Beasts
 16433 | Lair:1   | Learned a level 2 spell: Passwall
 16442 | Lair:1   | Noticed an eight-headed hydra
 16448 | Lair:1   | Killed an eight-headed hydra
 17009 | Lair:1   | Noticed Maggie
 17406 | D:11     | Reached skill level 16 in Transmutations
 17843 | D:12     | Reached skill level 5 in Dodging
 18022 | D:12     | Noticed Nessos
 18040 | D:12     | Killed Nessos
 18544 | D:12     | Noticed a centaur warrior
 18556 | D:12     | Killed a centaur warrior
 18756 | D:12     | Noticed a two-headed ogre
 18767 | D:12     | Killed a two-headed ogre
 19044 | D:12     | Found a staircase to the Orcish Mines.
 19337 | D:13     | Noticed a centaur warrior
 19387 | D:13     | Killed a centaur warrior
 19390 | D:13     | Noticed a centaur warrior
 19395 | D:13     | Noticed a two-headed ogre
 19434 | D:12     | Killed a centaur warrior
 19435 | D:12     | Reached XP level 13. HP: 41/101 MP: 7/20
 19709 | D:13     | Reached skill level 5 in Spellcasting
 19835 | D:13     | Reached skill level 1 in Evocations
 20180 | D:13     | Reached skill level 1 in Throwing
 20413 | D:13     | Reached skill level 15 in Unarmed Combat
 20763 | D:13     | Noticed a vault guard
 20804 | D:13     | Killed a vault guard
 20832 | D:13     | Noticed a vault guard
 20842 | D:13     | Killed a vault guard
 21187 | D:13     | Found a gate to the Vaults.
 21901 | D:14     | Reached skill level 10 in Dodging
 22082 | D:14     | Reached skill level 5 in Evocations
 22451 | D:14     | Reached XP level 14. HP: 91/108 MP: 14/21
 22793 | D:14     | Reached skill level 5 in Throwing
 23792 | D:15     | Entered Level 15 of the Dungeon
 23859 | D:15     | Reached skill level 1 in Armour
 24811 | D:15     | Identified the +1 robe of Ignis's Generosity {Will+ Regen+
                  | Stlth+}
 25027 | Orc:1    | Entered Level 1 of the Orcish Mines
 25027 | Orc:1    | Noticed an orc warlord
 25137 | Lair:1   | Killed Maggie
 25322 | Lair:1   | Reached skill level 10 in Fighting
 25404 | Lair:1   | Noticed Fannar
 25451 | Lair:1   | Killed Fannar
 25533 | Lair:1   | Noticed Urug
 25544 | Lair:1   | Killed Urug
 25770 | Lair:1   | Acquired the +2 cloak "Domao" {rCorr Dex+5}
 26105 | Lair:2   | Found a runed translucent gate.
 26174 | Lair:2   | Found a runed translucent gate.
 26174 | Lair:2   | Found a runed translucent gate.
 26175 | Lair:2   | Noticed ReploidZero's ghost (journeyman OgCj)
 27006 | Lair:2   | Found a staircase to the Swamp.
 27015 | Lair:2   | Reached XP level 15. HP: 92/117 MP: 12/22
 27533 | Lair:3   | Identified the +1 robe of the Curious Ears {Rampage rC-
                  | Will+++ Regen+}
 27639 | Lair:3   | Found a hole to the Spider Nest.
 29777 | Lair:5   | Acquired Sif Muna's Guide on Poisonous Earth
 29786 | Lair:5   | Learned a level 6 spell: Eringya's Noxious Bog
 30072 | Lair:5   | Found a staircase to the Slime Pits.
 30402 | Lair:6   | Entered Level 6 of the Lair of Beasts
 31202 | Lair:6   | Reached skill level 17 in Transmutations
 31488 | Lair:6   | Reached skill level 5 in Poison Magic
 32087 | Lair:2   | Killed ReploidZero's ghost
 32459 | D:15     | Reached XP level 16. HP: 59/129 MP: 8/23
 32752 | D:15     | Learned a level 6 spell: Statue Form
 33189 | D:15     | Found a staircase to the Depths.
 33198 | D:15     | Reached skill level 1 in Earth Magic
 33475 | Swamp:1  | Entered Level 1 of the Swamp
 34193 | Swamp:2  | Noticed a fenstrider witch
 34208 | Swamp:2  | Killed a fenstrider witch
 34482 | Swamp:2  | Reached skill level 18 in Transmutations
 35028 | Swamp:3  | Noticed a thorn hunter
 35041 | Swamp:3  | Killed a thorn hunter
 35668 | Swamp:3  | Noticed a tentacled monstrosity
 35688 | Swamp:3  | Killed a tentacled monstrosity
 35689 | Swamp:3  | Reached skill level 5 in Earth Magic
 35972 | Swamp:4  | Entered Level 4 of the Swamp
 35992 | Swamp:4  | Noticed Bai Suzhen
 36004 | Swamp:3  | Reached skill level 19 in Transmutations
 36198 | Swamp:3  | Killed Bai Suzhen
 36370 | Swamp:4  | Reached XP level 17. HP: 137/137 MP: 20/24
 36401 | Swamp:4  | Got a decaying rune of Zot
 37169 | Swamp:4  | Reached skill level 20 in Transmutations
 37630 | Spider:1 | Entered Level 1 of the Spider Nest
 39141 | Spider:2 | Noticed Azrael
 39553 | Spider:1 | Killed Azrael
 39738 | Spider:2 | Noticed Louise
 39750 | Spider:2 | Cast into level 2 of the Abyss (Louise)
 39914 | Abyss:2  | Found a corrupted altar of Lugonu.
 39996 | Abyss:2  | Gained mutation: Potions are less effective at restoring
                  | your health. [a neqoxec]
 39999 | Abyss:2  | Gained mutation: You are clumsy. (Dex -2) [a neqoxec]
 40011 | Abyss:2  | Noticed a tentacled starspawn
 40017 | Abyss:2  | Killed a tentacled starspawn
 40153 | Abyss:2  | Reached XP level 18. HP: 148/148 MP: 23/25
 40271 | Spider:2 | Escaped the Abyss
 40296 | Spider:2 | Killed Louise
 40412 | Spider:2 | Reached skill level 15 in Fighting
 41569 | Spider:4 | Entered Level 4 of the Spider Nest
 41594 | Spider:3 | Reached skill level 21 in Transmutations
 41594 | Spider:3 | HP: 6/193 [wolf spider (14)]
 42967 | Spider:4 | Got a gossamer rune of Zot
 43486 | Vaults:1 | Entered Level 1 of the Vaults
 43555 | Vaults:1 | Reached skill level 22 in Transmutations
 43767 | Vaults:1 | Noticed Asterion
 43784 | Vaults:1 | HP: 6/193 [Asterion (29)]
 43784 | Vaults:1 | Slain by Asterion

Illustrated notes

Levels and vault maps discovered:
D:1:      nicolae_arrival_washed_ashore, layout_basic,
          hellmonk_ecumenical_altar_leap_of_faith, serial_rivers,
          chequers_serial_rivers_large_a, chequers_serial_rivers_micro_c,
          chequers_serial_rivers_small_3, chequers_serial_rivers_small_b,
          kennysheep_flooded_box, lexackson_kobold_supper
D:2:      cheibrodos_greedy_goblins, layout_loops_ring
D:3:      minmay_spotlight, layout_loops_ring,
          mainiacjoe_overflow_cross_hatched, guppyfry_early_lair_pool
D:4:      layout_rooms, minmay_temple_entry_sparse_star
D:5:      layout_loops_ring, mainiacjoe_overflow_six_doors_small
D:6:      layout_cave_pods, nicolae_hepliaklqana_monster_ancestors,
          nicolae_qazlal_style_of_elements, serial_column_ruins,
          column_ruins_hut, column_ruins_hut_ruined,
          column_ruins_corridor_straight, column_ruins_open_tiny,
          column_ruins_grid_1, column_ruins_grid_1, column_ruins_grid_4,
          gammafunk_ghost_nasty_kobolds, uniq_blork_the_orc
D:7:      layout_basic, minmay_hedge_maze, hangedman_decor_growths,
          minmay_fractal_squares_gapless_5
D:8:      layout_loops_ring, nicolae_fountain_basement
D:9:      layout_grid_maze, serial_shops, nicolae_shop_waterfront
D:10:     layout_roguey, mainiacjoe_overflow_catch_the_wave, serial_shops,
          kennysheep_mini_moat, roderic_lattice_a, uniq_snorg, uniq_josephine
D:11:     layout_loops_corners, gauntlet_entry_generic, hellmonk_ghost_big_iron,
          portal_ice_cave_rime, uniq_erica
D:12:     layout_loops_ring, hiddenorc2_lemuel, uniq_nessos
D:13:     layout_cave_pools, ximxim_vaults_locker_room
D:14:     minmay_polygon_palace, layout_irregular_city, nrook_uturn
D:15:     hangedman_depths_entry_try_elsewhere_first, layout_irregular_city,
          minmay_fountain_box, minmay_misc_feat_doors
Temple:   eino_temple_scatter_basement
Lair:1:   layout_cave_pods, infiniplex_staircase_pool, serial_bayou_shore_a,
          uniq_fannar, uniq_urug, uniq_maggie
Lair:2:   layout_cave_pods, palyth_hydra_swamp_entry,
          gammafunk_ghost_hydra_chop, lemuel_oklob_altar
Lair:3:   layout_regular_city, dummy_spider_entry
Lair:4:   layout_regular_city, worms_lemuel
Lair:5:   layout_hall_layers, minmay_slime_entry_pillars,
          minmay_lair_oklob_items
Lair:6:   evilmike_catoblepas_cave, layout_loops_ring
Swamp:1:  layout_falls_marsh, evilmike_swamp_ruin_house_2, swamp_pool5,
          statue_in_the_mist_lemuel
Swamp:2:  layout_basic_swamp, nicolae_swamp_some_circles
Swamp:3:  cheibrodos_swamp_monstrosity, layout_basic_swamp,
          hangedman_swamp_lotus, infiniplex_staircase_pool_2
Swamp:4:  grunt_swamp_rune_castle, layout_basic_swamp,
          nicolae_swamp_frolicking_bunyips, uniq_bai_suzhen
Spider:1: layout_chambers
Spider:2: layout_spider_delve, nicolae_spider_rock_and_or_roll, uniq_louise,
          uniq_azrael
Spider:3: layout_spider_delve
Spider:4: guppyfry_spider_rune
Orc:1:    layout_caves, serial_shops, nicolae_shop_crystal, basic_altar
Vaults:1: vaults_standard_mumra_x, hangedman_vaults_stream,
          hangedman_vaults_stagger, v_rooms_6,
          nicolae_vaults_windows_and_doors_thing, vaults_dpeg_cross,
          nicolae_vaults_network_star, nicolae_vaults_little_squares_2,
          vaults_dpeg_ring, grunt_vaults_hallway_short, layout_vaults_omnigrid,
          serial_shops, shop, uniq_asterion

Skill      XL: |  1  2  3  4  5  6  7  8  9 10 11 12 13 14 15 16 17 18 |
---------------+-------------------------------------------------------+-----
Transmutations | 3 4 5 6 8 9 11 13 15 16 17 19 20 22 | 22.1
Unarmed Combat | 4 5 6 7 8 10 11 13 14 15 16 17 18 19 | 19.7
Poison Magic   | 1 2 5 6 |  6.0
Ice Magic      | 3 4 |  4.1
Fighting       | 4 6 8 9 10 12 13 14 15 | 15.0
Dodging        | 7 10 11 12 | 12.0
Spellcasting   | 4 5 |  5.0
Evocations     | 5 6 7 |  7.1
Throwing       | 4 5 |  5.2
Armour         | 3 4 |  4.3
Earth Magic    | 5 7 8 |  8.0

Action                   |  1- 3 |  4- 6 |  7- 9 | 10-12 | 13-15 | 16-18 || total
-------------------------+-------+-------+-------+-------+-------+-------++-------
Melee: Unarmed           |   110 |   151 |   304 |   521 |   986 |  1132 ||  3204
       Headbutt          |     3 |     2 |       |       |       |       ||     5
       Punch             |     2 |     1 |     1 |     3 |     7 |    99 ||   113
       Tailslap          |     1 |       |       |       |     3 |    17 ||    21
Throw: Dart              |       |       |       |     8 |    22 |    18 ||    48
       Javelin           |       |       |       |       |     6 |       ||     6
 Cast: Beastly Appendage |     7 |     1 |       |       |       |       ||     8
       Spider Form       |       |    10 |    19 |    16 |    15 |     1 ||    61
       Wereblood         |       |     2 |     3 |     8 |    23 |    12 ||    48
       Ice Form          |       |       |    12 |    33 |    66 |     5 ||   116
       Statue Form       |       |       |       |       |       |    75 ||    75
 Abil: End Transformatio |       |       |       |     3 |       |       ||     3
Evoke: Wand              |       |       |       |    17 |     6 |     2 ||    25
       Phial of floods   |       |       |       |       |     1 |     1 ||     2
       Tin of tremorston |       |       |       |       |       |     2 ||     2
  Use: Scroll            |       |       |     7 |    16 |    12 |    10 ||    45
       Potion            |       |       |     4 |     6 |       |     2 ||    12
 Stab: Sleeping          |     4 |       |     2 |     1 |     3 |     2 ||    12
       Distracted        |       |       |     3 |     4 |     7 |    13 ||    27
       Petrified         |       |       |       |       |     4 |       ||     4
       Petrifying        |       |       |       |       |     1 |       ||     1
       Confused          |       |       |       |       |       |     2 ||     2
       Held in net/web   |       |       |       |       |       |     1 ||     1
Armor: Robe              |    16 |    12 |    14 |    20 |    25 |    30 ||   117
       Skin              |       |     4 |    21 |   145 |   272 |  1012 ||  1454
Dodge: Dodged            |    80 |   139 |   216 |   474 |   820 |  2602 ||  4331

Table legend: (Time is in decaauts)
 A = Elapsed time spent in this place.
 B = Non-inter-level travel time spent in this place.
 C = Inter-level travel time spent in this place.
 D = Time resting spent in this place.
 E = Time spent auto-exploring this place.
 F = Levels seen in this place.
 G = Mean time per level.
                   A        B        C        D        E       F      G
               +--------+--------+--------+--------+--------+-----+--------+
         Total |  44503 |  42014 |   2489 |   4164 |  29647 |  35 | 1271.5 |
       Dungeon |  24519 |  22925 |   1594 |   2815 |  16128 |  15 | 1634.6 |
        Temple |    191 |    134 |     57 |      0 |    118 |   1 |  191.0 |
          Lair |   7793 |   7234 |    559 |     22 |   5994 |   6 | 1298.8 |
         Swamp |   4425 |   4279 |    146 |    495 |   2746 |   4 | 1106.2 |
   Spider Nest |   5746 |   5617 |    129 |    762 |   3468 |   4 | 1436.5 |
  Orcish Mines |      1 |      1 |      0 |      0 |      0 |   1 |    1.0 |
        Vaults |    352 |    352 |      0 |      0 |    243 |   1 |  352.0 |
         Abyss |    676 |    676 |      0 |      0 |    443 |   1 |  676.0 |
      Ice Cave |    596 |    596 |      0 |     69 |    377 |   1 |  596.0 |
      Gauntlet |    200 |    200 |      0 |      0 |    128 |   1 |  200.0 |
               +--------+--------+--------+--------+--------+-----+--------+

Top non-repeatable levels by time:
    D:14: 2716 daAuts
Spider:1: 2296 daAuts
     D:6: 2248 daAuts
    D:12: 2164 daAuts
    D:10: 2161 daAuts
    D:13: 1860 daAuts
  Lair:1: 1690 daAuts
    D:15: 1646 daAuts
     D:7: 1613 daAuts
     D:9: 1577 daAuts
 Swamp:3: 1519 daAuts
     D:1: 1495 daAuts
  Lair:6: 1473 daAuts
Spider:3: 1468 daAuts
  Lair:2: 1456 daAuts
